 Dungeon Crawl Stone Soup version 0.30-a0-782-ge64f9170bb (webtiles) character file.

Game seed: 9361690230256914377

231 Dirian the Chopper (level 5, -2/47 HPs)
             Began as a Minotaur Fighter on Mar 6, 2023.
             Slain by a gnoll
             ... wielding a +1 halberd of freezing
             ... led by a gnoll bouda
              (8 damage)
             ... on level 4 of the Dungeon.
             The game lasted 00:03:51 (2250 turns).

Dirian the Chopper (Minotaur Fighter)               Turns: 2250, Time: 00:03:51

Health: -2/47      AC:  9    Str: 29    XL:     5   Next: 73%
Magic:  4/4        EV: 10    Int:  5    God:
Gold:   135        SH:  4    Dex:  9    Spells: 4/4 levels left

rFire   . . .      SeeInvis .    a - +1 war axe
rCold   . . .      Faith    .    c - +0 buckler
rNeg    . . .      Spirit   .    b - +0 scale mail
rPois   .          Reflect  .    (helmet restricted)
rElec   .          Harm     .    h - +0 cloak
rCorr   +          Rampage  .    (no gloves)
Will    .....                    f - +0 pair of boots Stlth
                                 (no amulet)
HPRegen 0.27/turn                e - +6 ring of strength
MPRegen 0.09/turn                i - ring of resist corrosion

@: mighty, weakened
A: horns 2, retaliatory headbutt
a: no special abilities


You were on level 4 of the Dungeon.
You visited 1 branch of the dungeon, and saw 4 of its levels.

You collected 135 gold pieces.

Inventory:

Hand Weapons
 a - a +1 war axe (weapon)
 k - a +0 war axe
Armour
 b - a +0 scale mail (worn)
 c - a +0 buckler (worn)
 f - a +0 pair of boots (worn)
 h - a +0 cloak (worn)
Jewellery
 e - a +6 ring of strength (left hand)
 i - a ring of resist corrosion (right hand)
 j - a ring of positive energy
Wands
 l - a wand of light (7)
Scrolls
 r - 3 scrolls of identify
 t - 3 scrolls of teleportation
Potions
 d - a potion of might


   Skills:
 + Level 4.6 Fighting
 + Level 5.1 Axes
 + Level 4.8 Armour
 - Level 1.0 Dodging
 + Level 4.4 Shields


You had 4 spell levels left.
You didn't know any spells.
Your spell library contained the following spells:

 Spells                   Type           Power      Damage    Failure   Level
 Necrotise                Necr           0%         1d4       80%         1
 Vampiric Draining        Necr           0%         2d6       99%         3
 Agony                    Necr           0%         N/A       100%        5


Dungeon Overview and Level Annotations

Branches:
Dungeon (4/15) Zot: 21693
 Temple: D:4-7

Altars:
Elyvilon
The Shining One


Innate Abilities, Weirdness & Mutations

You have a pair of horns on your head.
You reflexively headbutt those who attack you in melee.


Message History

The gnoll bouda gazes fiercely through you!
You feel your attacks grow feeble.
The gnoll bouda hits you with a +0 club!
An endoplasm comes into view.
The gnoll misses you.
You are too injured to fight recklessly!
You are too injured to fight recklessly!
You are too injured to fight recklessly!
You are too injured to fight recklessly!
You are too injured to fight recklessly!
You are too injured to fight recklessly!
You are too injured to fight recklessly!
You are too injured to fight recklessly!
You are too injured to fight recklessly!
You are too injured to fight recklessly!
You are too injured to fight recklessly!
You are too injured to fight recklessly!
You are too injured to fight recklessly!
You are too injured to fight recklessly!
You are too injured to fight recklessly!
You feel very mighty all of a sudden.
The endoplasm quivers.
The gnoll hits you but does no damage. The gnoll barely misses you.
The gnoll bouda hits you with a +0 club!
The gnoll barely misses you.
You hit the gnoll bouda. You headbutt the gnoll bouda!
The gnoll bouda is almost dead.
You barely miss the gnoll. The gnoll hits you with a +0 whip.
The gnoll hits you but does no damage. The gnoll bouda barely misses you.
The gnoll hits you from afar with a +0 halberd!
* * * LOW HITPOINT WARNING * * *
The gnoll closely misses you. The gnoll hits you with a +0 whip.
* * * LOW HITPOINT WARNING * * *
You barely miss the gnoll bouda.
The gnoll bouda is almost dead.
You slash the gnoll!
You kill the gnoll!
The gnoll barely misses you.
The gnoll hits you from afar with a +1 halberd of freezing!
You die...

#.# #.#.#.# #.# #.#.#.#
#.# #.#.#.##### #.#
#.#.......# #.#
#.###.###.###. #.#
#.###.........
#.........#### ..
#..#####..#######..
######..#.......@.gJ....
........#...#...g.g.>...
#######.#...##.#######.#
#.........# #.........##
#............>
####...####### #...#
#...#


You could see a gnoll bouda, 2 gnolls and an endoplasm.

Vanquished Creatures
  An ogre (D:4)
  An iguana (D:4)
  2 gnolls (D:4)
  3 adders
  A worm (D:2)
  5 dart slugs
  3 orcs (D:3)
  5 ball pythons
  8 endoplasms
  3 giant cockroaches
  7 hobgoblins
  8 quokkas
  4 bats
  3 frilled lizards
  4 goblins
  4 kobolds
  8 rats
70 creatures vanquished.

Notes
Turn   | Place    | Note
-------+----------+-------------------------------------------
     0 | D:1      | Dirian the Minotaur Fighter began the quest for the Orb.
     0 | D:1      | Reached XP level 1. HP: 19/19 MP: 0/0
   112 | D:1      | Reached XP level 2. HP: 27/27 MP: 1/1
   393 | D:1      | Reached XP level 3. HP: 27/33 MP: 2/2
  1056 | D:2      | Reached skill level 3 in Axes
  1186 | D:2      | Reached XP level 4. HP: 41/41 MP: 3/3
  1593 | D:3      | Found a white marble altar of Elyvilon.
  1606 | D:3      | Found a glowing golden altar of the Shining One.
  2148 | D:4      | Reached skill level 4 in Axes
  2195 | D:4      | Noticed an ogre
  2201 | D:4      | Killed an ogre
  2202 | D:4      | Reached skill level 5 in Axes
  2202 | D:4      | Reached skill level 1 in Dodging
  2202 | D:4      | Reached XP level 5. HP: 47/47 MP: 4/4
  2250 | D:4      | Slain by a gnoll

Illustrated notes

Levels and vault maps discovered:
D:1:      psy_arrival_whirlpool, layout_loops_ring, minmay_pentomino_p4
D:2:      layout_basic
D:3:      layout_basic, mainiacjoe_overflow_cross_hatched, elyvilon_altar_4,
          serial_bayou_pond_d
D:4:      layout_loops_ring, uniq_ijyb

Skill      XL: |  1  2  3  4 |
---------------+-------------+-----
Fighting       | 4 |  4.6
Shields        | 4 |  4.4
Armour         | 4 |  4.8
Axes           | 3 5 |  5.1
Dodging        | 1 |  1.0

Action                     |  1- 3 |  4- 6 || total
---------------------------+-------+-------++-------
  Melee: War axe           |    82 |    55 ||   137
         Headbutt          |     9 |     8 ||    17
    Use: Scroll            |     2 |     4 ||     6
         Potion            |       |     1 ||     1
 Armour: Scale mail        |    45 |    23 ||    68
  Dodge: Dodged            |    27 |    40 ||    67
  Block: Buckler           |    14 |     5 ||    19

Table legend: (Time is in decaauts)
 A = Elapsed time spent in this place.
 B = Non-inter-level travel time spent in this place.
 C = Inter-level travel time spent in this place.
 D = Time resting spent in this place.
 E = Time spent auto-exploring this place.
 F = Levels seen in this place.
 G = Mean time per level.
                   A        B        C        D        E       F      G
               +--------+--------+--------+--------+--------+-----+--------+
         Total |   2304 |   2141 |    163 |     30 |   1652 |   4 |  576.0 |
       Dungeon |   2304 |   2141 |    163 |     30 |   1652 |   4 |  576.0 |
               +--------+--------+--------+--------+--------+-----+--------+

Top non-repeatable levels by time:
     D:1: 805 daAuts
     D:2: 692 daAuts
     D:3: 677 daAuts
     D:4: 129 daAuts
